 Dungeon Crawl Stone Soup version 0.31-a0-441-g867994ef1c (webtiles) character file.

Game seed: 9969058348926076939

3080 jlumianski the Trooper (level 10, 0/76 HPs)
             Began as a Djinni Fire Elementalist on Aug 3, 2023.
             Was an Initiate of Makhleb.
             Shot with a sling bullet by Joseph (11 damage)
             ... on level 8 of the Dungeon.
             The game lasted 00:43:37 (7567 turns).

jlumianski the Trooper (Djinni Fire Elementalist)   Turns: 7567, Time: 00:43:38

Health: 0/76       AC:  7    Str:  7    XL:     10   Next: 12%
Gold:   75         EV: 19    Int: 20    God:    Makhleb [......] SH:  5 Dex: 15

rFire   + + .        K - +5 dagger
rCold   x . .        (no shield)
rNeg    . . .        m - +1 robe {Will+}
rPois   ∞            (no helmet)
rElec   .            (no cloak)
rCorr   .            (no gloves)
SInv    .            (boots unavailable)
Will    ++...        B - amulet of reflection
Stlth   +++          o - +4 ring of protection
HPRegen 0.32/turn    b - +5 ring of evasion
MPRegen 0.00/turn

%: reflection, infuse magic (-1 HP)
@: flying
A: sickness immunity, fire resistance 2, cold vulnerability 1, float, innate
caster, HP casting, extra vitality 1
a: Renounce Religion


You were on level 8 of the Dungeon.
You worshipped Makhleb.
Makhleb was noncommittal.
You visited 2 branches of the dungeon, and saw 10 of its levels.

You collected 438 gold pieces.
You spent 363 gold pieces at shops.

Inventory:

Hand Weapons
 t - a +2 dagger of draining
 K - a +5 dagger (weapon)
Missiles
 h - 5 curare-tipped darts
 n - 5 boomerangs
 r - 15 poisoned darts
 x - 3 datura-tipped darts
 C - 6 atropa-tipped darts
 H - a throwing net
Armour
 m - a +1 robe of willpower (worn)
Jewellery
 a - an amulet of regeneration
 b - a +5 ring of evasion (right hand)
 o - a +4 ring of protection (left hand)
 B - an amulet of reflection (around neck)
Wands
 i - a wand of roots (36)
 M - a wand of mindburst (6)
 O - a wand of charming (2)
Scrolls
 q - a scroll of immolation {unknown}
 s - 3 scrolls of fog
 A - a scroll of enchant armour {unknown}
 E - 2 scrolls of enchant weapon
 G - 3 scrolls of teleportation
 J - a scroll of silence
 P - a scroll of blinking {unknown}
Potions
 c - 4 potions of enlightenment
 e - a potion of curing
 j - a potion of heal wounds
 v - 3 potions of resistance
 w - a potion of invisibility
 z - a potion of might
 D - a potion of lignification
 I - a potion of brilliance
 L - a potion of haste {unknown}
 N - a potion of magic {unknown}


   Skills:
 * Level 7.7 Fighting
 + Level 2.4 Short Blades
 * Level 4.8 Dodging
 * Level 4.6 Stealth
 * Level 6.7 Spellcasting
 * Level 6.7 Conjurations
 * Level 6.7 Hexes
 * Level 6.7 Summonings
 * Level 6.7 Necromancy
 * Level 6.7 Translocations
 * Level 6.7 Transmutations
 * Level 6.7 Fire Magic
 * Level 6.7 Ice Magic
 * Level 6.7 Air Magic
 * Level 6.7 Earth Magic
 * Level 6.7 Poison Magic
 * Level 1.9 Invocations


You knew the following spells:

 Your Spells              Type           Power      Damage    Failure   Level
a - Foxfire               Conj/Fire      100%       2x1d9     1%          1
b - Scorch                Fire           66%        2d7       1%          2
c - Volatile Blastmotes   Fire/Tloc      66%        2d15      1%          3
d - Inner Flame           Hex/Fire       33%        N/A       1%          3
e - Flame Wave            Conj/Fire      33%        2d10      6%          4
f - Magic Dart            Conj           100%       1d8       1%          1
g - Searing Ray           Conj           66%        2d6       1%          2
h - Portal Projectile     Hex/Tloc       66%        N/A       1%          3
i - Iskenderun's Mystic   Conj/Tloc      33%        2d8       6%          4
Your spell library was empty.

Dungeon Overview and Level Annotations

Branches:
Dungeon (9/15)             Temple (1/1) D:7            Lair (0/5) D:8
    Orc: D:9-12

Altars:
Ashenzari
Cheibriados
Dithmenos
Elyvilon
Fedhas
Gozag
Hepliaklqana
Makhleb
Nemelex Xobeh
Okawaru
Qazlal
Ru
Trog
Uskayaw
Wu Jian
Xom
Yredelemnul
Zin
The Shining One

Shops:
D:5 *

Annotations:
D:8 Joseph


Innate Abilities, Weirdness & Mutations

You are immune to sickness and miasma.
You are immune to poison.
Your flesh is very heat resistant. (rF++)
You are vulnerable to cold. (rC-)
You float through the air rather than walking.
You learn spells naturally, not from books.
Your magical power is your life essence.
You have superior vitality. (+4 MHP)


Message History

Joseph shoots a sling bullet.
The sling bullet hits you!!
Joseph shoots a sling bullet.
The sling bullet hits you!
Joseph shoots a sling bullet.
The sling bullet hits you!
Joseph shoots a sling bullet.
The sling bullet hits you!
You start removing your amulet.
You continue taking off your amulet of regeneration. x4
You finish taking off your amulet of regeneration.
You start putting on your amulet.
You continue putting on your amulet of reflection. x2
Joseph unwields a +0 sling.
Joseph wields a +0 quarterstaff.
Joseph hits you with a +0 quarterstaff.
Keep equipping yourself?
You continue putting on your amulet of reflection. x2
Joseph hits you with a +0 quarterstaff.
You continue putting on your amulet of reflection.
Joseph zaps a wand.
The puff of flame hits you but does no damage.
You resist.
You finish putting on your amulet of reflection.
You feel a shielding aura gather around you.
B - an amulet of reflection (around neck) Joseph zaps a wand.
The puff of flame hits you but does no damage.
You resist.
Joseph zaps a wand.
The puff of flame hits you. You resist.
Joseph unwields a +0 quarterstaff.
Joseph wields a +0 sling.
Joseph shoots a sling bullet.
The sling bullet hits you!!
* * * LOW HITPOINT WARNING * * *
Casting: Scorch (safe; 1% risk of failure)
Confirm with . or Enter, or press ? or * to list all spells.
Okay, then.
Unknown command.
Okay, then.
Unknown command.
Casting: Scorch (safe; 1% risk of failure)
Confirm with . or Enter, or press ? or * to list all spells.
A cloud of volatile blastmotes flares up around you!
* * * LOW HITPOINT WARNING * * *
Joseph shoots a sling bullet.
The sling bullet hits you!
You die...

#≈..[>PP.≈#...######)#
#..P......#..........#
#...##..P##....#..[[[..#
#....#...#.....#.####.##
#..#...≈...#.....@.##.#
#...#######...##.#.##.#
### #.# ######.#.##.#
#.# #.#.##.# #.#
#@#.##.# #####.#
#.#.##.# ......#
#.#.##.# #####.#
#.#@##.#### ##.##
#.#.##....# ####...####
#.#.#####.# ..........#
#.#.## #.# ####...##.#
####..#.## #.#
......###.# #....###.#
#.#


You could see Joseph.

Vanquished Creatures
  Prince Ribbit (D:6)
  Sigmund (D:3)
  4 yaks (D:8)
  2 steam dragons
  Edmund (D:6)
  A water moccasin (D:7)
  4 ice beasts
  2 orc warriors
  A sky beast (D:4)
  A centaur (D:5)
  A bullfrog (D:6)
  A kobold brigand (D:7)
  A gnoll sergeant (D:8)
  2 scorpions
  A hound (D:7)
  5 orc priests
  A jelly (D:7)
  Ijyb (D:5)
  2 iguanas
  5 orc wizards
  10 gnolls
  4 adders
  A shadow imp (D:5)
  A white imp (D:8)
  A worm (D:5)
  2 dart slugs
  30 orcs
  5 endoplasms
  A giant cockroach (D:4)
  9 goblins
  5 hobgoblins
  9 jackals
  5 quokkas
  4 ball pythons
  3 bats
  2 frilled lizards (D:3)
  11 kobolds
  5 rats (D:1)
146 creatures vanquished.

Vanquished Creatures (others)
  258 foxfires
258 creatures vanquished.

Grand Total: 404 creatures vanquished

Notes
Turn   | Place    | Note
-------+----------+-------------------------------------------
     0 | D:1      | jlumianski the Djinni Fire Elementalist began the quest for
                  | the Orb.
     0 | D:1      | jlumianski set off with the following spells memorised:
                  | Foxfire, Scorch, Volatile Blastmotes, Inner Flame, Flame
                  | Wave.
     0 | D:1      | Reached XP level 1. HP: 15/15 MP: 0/0
   109 | D:1      | Reached XP level 2. HP: 20/21 MP: 0/0
   500 | D:1      | Reached XP level 3. HP: 25/26 MP: 0/0
   500 | D:1      | Learned a level 1 spell: Magic Dart
  1146 | D:2      | Reached skill level 1 in Fighting
  1444 | D:3      | Noticed Sigmund
  1830 | D:3      | Killed Sigmund
  1831 | D:3      | Reached skill level 2 in Fighting
  1831 | D:3      | Reached skill level 1 in Short Blades
  1831 | D:3      | Reached XP level 4. HP: 26/34 MP: 0/0
  1831 | D:3      | Reached XP level 5. HP: 30/39 MP: 0/0
  1831 | D:3      | Learned a level 2 spell: Searing Ray
  1831 | D:3      | Reached XP level 6. HP: 34/45 MP: 0/0
  1898 | D:3      | Reached skill level 3 in Fighting
  2758 | D:4      | Reached XP level 7. HP: 42/50 MP: 0/0
  2758 | D:4      | Learned a level 3 spell: Portal Projectile
  2994 | D:4      | Reached skill level 4 in Fighting
  3628 | D:5      | Entered Level 5 of the Dungeon
  4111 | D:6      | Noticed Edmund
  4206 | D:5      | Reached XP level 8. HP: 48/58 MP: 0/0
  4209 | D:5      | Noticed Ijyb
  4219 | D:5      | Killed Ijyb
  4292 | D:5      | Reached skill level 5 in Fighting
  4519 | D:5      | Reached skill level 5 in Spellcasting
  4519 | D:5      | Reached skill level 5 in Conjurations
  4519 | D:5      | Reached skill level 5 in Hexes
  4519 | D:5      | Reached skill level 5 in Summonings
  4519 | D:5      | Reached skill level 5 in Necromancy
  4519 | D:5      | Reached skill level 5 in Translocations
  4519 | D:5      | Reached skill level 5 in Transmutations
  4519 | D:5      | Reached skill level 5 in Fire Magic
  4519 | D:5      | Reached skill level 5 in Ice Magic
  4519 | D:5      | Reached skill level 5 in Air Magic
  4519 | D:5      | Reached skill level 5 in Earth Magic
  4519 | D:5      | Reached skill level 5 in Poison Magic
  4853 | D:5      | Found Kuasoj's General Store.
  4857 | D:5      | Bought a scroll of teleportation for 33 gold pieces
  4944 | D:6      | Killed Edmund
  4991 | D:5      | Reached skill level 6 in Fighting
  4991 | D:5      | Reached XP level 9. HP: 13/66 MP: 0/0
  4991 | D:5      | Learned a level 4 spell: Iskenderun's Mystic Blast
  5556 | D:6      | Noticed Prince Ribbit
  5565 | D:6      | Killed Prince Ribbit
  5836 | D:7      | Found a hazy altar of Hepliaklqana.
  5863 | D:7      | Found a bloodstained altar of Trog.
  6028 | D:7      | Found a staircase to the Ecumenical Temple.
  6036 | Temple   | Entered the Ecumenical Temple
  6041 | Temple   | Reached skill level 7 in Fighting
  6115 | Temple   | Became a worshipper of Makhleb the Destroyer
  6931 | D:8      | Found a staircase to the Lair.
  7097 | D:5      | Bought an amulet of regeneration for 330 gold pieces
  7400 | D:8      | Reached skill level 1 in Invocations
  7414 | D:8      | Reached XP level 10. HP: 46/75 MP: 0/0
  7542 | D:8      | Noticed Joseph
  7567 | D:8      | Shot with a sling bullet by Joseph

Illustrated notes

Levels and vault maps discovered:
D:1:      minmay_arrival_four_loops, layout_basic, minmay_tiny_reverse_x
D:2:      layout_loops_ring
D:3:      layout_basic, kennysheep_generic_room_15, uniq_sigmund
D:4:      layout_basic, columned_hall_lemuel, kennysheep_another_room
D:5:      layout_gridville, serial_shops, shop, uniq_ijyb
D:6:      layout_rooms, feat_on_display, uniq_edmund, uniq_prince_ribbit1,
          uniq_crazy_yiuf_cottage
D:7:      layout_layer_cave, mainiacjoe_overflow_two_lobes,
          minmay_temple_entry_ruins
D:8:      layout_loops_ring, dpeg_oklobed_lair, uniq_joseph
D:9:      layout_roguey, hex_intersection, minmay_large_rounded_square
Temple:   mainiacjoe_temple_big_plus

Skill      XL: |  1  2  3  4  5  6  7  8  9 |
---------------+----------------------------+-----
Spellcasting   | 4 5 6 |  6.7
Conjurations   | 4 5 6 |  6.7
Hexes          | 4 5 6 |  6.7
Summonings     | 4 5 6 |  6.7
Necromancy     | 4 5 6 |  6.7
Translocations | 4 5 6 |  6.7
Transmutations | 4 5 6 |  6.7
Fire Magic     | 4 5 6 |  6.7
Ice Magic      | 4 5 6 |  6.7
Air Magic      | 4 5 6 |  6.7
Earth Magic    | 4 5 6 |  6.7
Poison Magic   | 4 5 6 |  6.7
Stealth        | 2 3 4 |  4.6
Fighting       | 2 3 4 6 7 |  7.7
Short Blades   | 1 2 |  2.4
Dodging        | 3 4 |  4.8
Invocations    | 1 |  1.9

Action                     |  1- 3 |  4- 6 |  7- 9 | 10-12 || total
---------------------------+-------+-------+-------+-------++-------
  Melee: Dagger            |    14 |    36 |    64 |     7 ||   121
         Punch             |       |     1 |     2 |       ||     3
   Cast: Foxfire           |    34 |    25 |    89 |       ||   148
         Scorch            |     6 |     9 |    53 |     1 ||    69
         Volatile Blastmot |     2 |     4 |    18 |     1 ||    25
         Searing Ray       |       |     1 |     1 |       ||     2
         Flame Wave        |       |       |     2 |       ||     2
         Iskenderun's Myst |       |       |     2 |       ||     2
    Use: Scroll            |     2 |       |    11 |       ||    13
         Potion            |       |       |     1 |       ||     1
   Stab: Sleeping          |     2 |     1 |     6 |       ||     9
 Armour: Robe              |     1 |    14 |    21 |     1 ||    37
  Dodge: Dodged            |     7 |    36 |    94 |     5 ||   142

Table legend: (Time is in decaauts)
 A = Elapsed time spent in this place.
 B = Non-inter-level travel time spent in this place.
 C = Inter-level travel time spent in this place.
 D = Time resting spent in this place.
 E = Time spent auto-exploring this place.
 F = Levels seen in this place.
 G = Mean time per level.
                   A        B        C        D        E       F      G
               +--------+--------+--------+--------+--------+-----+--------+
         Total |   7579 |   7203 |    376 |    847 |   4283 |  10 |  757.9 |
       Dungeon |   7461 |   7134 |    327 |    847 |   4283 |   9 |  829.0 |
        Temple |    117 |     68 |     49 |      0 |      0 |   1 |  117.0 |
               +--------+--------+--------+--------+--------+-----+--------+

Top non-repeatable levels by time:
     D:5: 1304 daAuts
     D:4: 1219 daAuts
     D:3: 1054 daAuts
     D:7: 964 daAuts
     D:1: 951 daAuts
     D:2: 773 daAuts
     D:8: 702 daAuts
     D:6: 463 daAuts
  Temple: 117 daAuts
     D:9: 27 daAuts
